Map: Orbital Shipyard

Players

NightEnD - Winner!

  • Race: Protoss Protoss
  • League: Master

qxc

  • Race: Terran Terran
  • League: Master

Event: ASL Season 5 Prime League LOTV Beta

VOD

Have the link to the VOD?

Description

Time

  • Played on: Sept. 17, 2015, 7:39 p.m.
  • Length: 3:14

All games in this series

Show
View Real Time Build Order
Export as new Build Order

NightEnD Protoss - Winner!

Build Orders:  

Get SALT Encoding   

  12  0:00  Probe (Chrono Boost)  
  13  0:10  Probe (Chrono Boost)  
  14  0:18  Pylon  
  14  0:21  Probe (Chrono Boost)  
  15  0:35  Probe (Chrono Boost)  
  15  0:36  Gateway  
  16  0:45  Probe (Chrono Boost)  
  16  0:49  Assimilator  
  17  0:55  Probe (Chrono Boost)  
  18  1:05  Probe (Chrono Boost)  
  18  1:07  Pylon  
  19  1:15  Probe (Chrono Boost)  
  20  1:24  Cybernetics Core  
  20  1:25  Probe (Chrono Boost)  
  21  1:35  Probe (Chrono Boost)  
  22  1:42  Zealot  
  24  1:49  Gateway  
  24  1:52  Pylon  
  25  2:00  Mothership Core (Chrono Boost)  
  26  2:02  Gateway  
  26  2:09  Adept  
  26  2:12  Pylon  
  28  2:26  Assimilator  
  28  2:36  Adept  
  30  2:45  Adept  
  32  2:58  Gateway  
Show
View Real Time Build Order
Export as new Build Order

qxc Terran 

Build Orders:  

Get SALT Encoding   

  12  0:00  SCV  
  13  0:14  Supply Depot  
  13  0:18  SCV  
  14  0:30  SCV  
  15  0:40  Barracks  
  15  0:44  SCV  
  16  0:59  Barracks  
  16  1:01  SCV  
  17  1:13  Barracks  
  17  1:16  SCV  
  18  1:28  Marine  
  18  1:32  Orbital Command  
  19  1:41  Bunker  
  19  1:46  Marine  
  20  1:47  Marine  
  21  2:03  Bunker, Marine  
  21  2:06  Marine  
  23  2:27  Marine  
  23  2:31  Bunker  
  23  2:35  Bunker  
  23  2:36  Marine  
  23  2:38  Marine  
  22  2:45  Marine  
  23  2:54  Supply Depot  
  23  3:00  SCV  
Tags
 
Add a new tag
Caveats
  • Supply blocks, unpowered buildings, or Contaminate may cause inaccurate times.
  • Supply counts are checked every 10 seconds.